 Dungeon Crawl Stone Soup version 0.31-a0-614-gc85dc1c48c (webtiles) character file.

Game seed: 16362173749329193663

81 AdnanSaban the Covered (level 4, 0/29 HPs)
             Began as a Gargoyle Fighter on Aug 22, 2023.
             Frozen to death by an endoplasm (4 damage)
             ... on level 3 of the Dungeon.
             The game lasted 00:01:40 (1861 turns).

AdnanSaban the Covered (Gargoyle Fighter)           Turns: 1861, Time: 00:01:41

Health: 0/29       AC: 16    Str: 22    XL:     4   Next: 40%
Magic:  4/4        EV:  6    Int:  8    God:
Gold:   76         SH:  4    Dex:  9    Spells: 3/3 levels left

rFire   . . .        o - +0 whip (elec)
rCold   . . .        c - +0 buckler
rNeg    + . .        m - +0 plate armour
rPois   ∞            (no helmet)
rElec   +            e - +0 cloak
rCorr   .            (no gloves)
SInv    .            (no boots)
Will    .....        (no amulet) Stlth
                     (no ring)
HPRegen 0.24/turn    (no ring)
MPRegen 0.09/turn

%: no passive effects
@: no status effects
A: sickness immunity, AC +3, negative energy resistance 1, electricity
resistance, torment resistance 1, petrification resistance
a: no special abilities


You were on level 3 of the Dungeon.
You visited 1 branch of the dungeon, and saw 3 of its levels.

You collected 76 gold pieces.

Inventory:

Hand Weapons
 o - a +0 whip of electrocution (weapon)
Armour
 c - a +0 buckler (worn)
 e - a +0 cloak (worn)
 m - a +0 plate armour (worn)
Scrolls
 b - a scroll of teleportation {unknown}
 f - a scroll of enchant weapon {unknown}
 g - 4 scrolls of identify {unknown}
 h - 2 scrolls of revelation {unknown}
 j - a scroll of immolation {unknown}
 k - a scroll of butterflies {unknown}
Potions
 d - a potion of might
 i - a potion of curing {unknown}
 l - a potion of heal wounds {unknown}
 n - a potion of haste {unknown}


   Skills:
 + Level 4.0 Fighting
 + Level 2.4 Maces & Flails
 + Level 4.1 Armour
 + Level 0.1 Dodging
 + Level 4.0 Shields


You had 3 spell levels left.
You didn't know any spells.
Your spell library contained the following spells:

 Spells                   Type           Power      Damage    Failure   Level
 Kiss of Death            Conj/Necr      0%         2d5       100%        1
 Ensorcelled Hibernation  Hex/Ice        0%         N/A       100%        2
 Passwall                 Tmut/Erth      0%         N/A       100%        2
 Confusing Touch          Hex            0%         N/A       100%        3
 Swiftness                Air            0%         N/A       100%        3
 Dispel Undead            Necr           0%         3d6       100%        4


Dungeon Overview and Level Annotations

Branches:
Dungeon (3/15)

Altars:


Innate Abilities, Weirdness & Mutations

You are immune to sickness and miasma.
Your stone body is resilient. (AC +3)
You are immune to poison.
You resist negative energy. (rN+)
You are resistant to electric shocks. (rElec)
You are resistant to unholy torment.
You are immune to petrification.


Message History

You are too injured to fight recklessly!
Unknown command.
You sock the orc!
You kill the orc!
The bat barely misses you. x2; The orc barely misses you.
The bat hits you but does no damage. The orc attacks as it pursues you!
The orc hits you from afar with a +0 trident.
Items here: ))))) [[[ †.
You hear the crackle of electricity.
o - a +0 whip of electrocution (weapon)
The orc hits you but does no damage.
You drop a +0 flail.
The bat closely misses you. The bat hits you but does no damage.
The orc barely misses you.
You are too injured to fight recklessly!
You barely miss the bat.
The endoplasm quivers.
The bat hits you but does no damage. The orc hits you but does no damage.
You hit the bat but do no damage. Lightning courses through the bat!
You kill the bat!
The orc throws a stone.
The stone hits you.
Your Fighting skill increases to level 4!
The orc hits you with a +0 trident.
* * * LOW HITPOINT WARNING * * *
You hit the orc.
The orc is lightly wounded.
The orc barely misses you.
You closely miss the orc.
The orc is lightly wounded.
The orc barely misses you.
You barely miss the orc.
The orc is lightly wounded.
The orc hits you with a +0 trident.
* * * LOW HITPOINT WARNING * * *
You hit the orc. Lightning courses through the orc!
You kill the orc!
You hit the orc. Lightning courses through the orc!
You kill the orc!
The endoplasm freezes you.
You are frozen.
You die...

..#....P.P......♣P♣..♣♣
...##..P......PP..♣♣.♣
b...#.P......♣..♣♣♣♣.
.........[....♣♣..♣
...#J)o...P.♣♣P.♣
.o#.PSP.....P♣
#.#.♣o..P...P♣
#)##.♣......♣..♣
#@#.....♣........
#J#....#♣♣......♣
#....(...P♣.......
####.?J.P♣.♣♣♣♣♣♣♣
#........ #......>.#
#.##.##.## .. .# ###


You could see an orc and an endoplasm.

Vanquished Creatures
  An adder (D:3)
  2 worms
  2 dart slugs
  8 orcs (D:3)
  5 ball pythons
  5 bats
  2 endoplasms
  A giant cockroach (D:1)
  5 hobgoblins
  7 jackals (D:1)
  2 quokkas
  3 frilled lizards
  2 goblins
  3 kobolds (D:1)
  5 rats
53 creatures vanquished.

Notes
Turn   | Place    | Note
-------+----------+-------------------------------------------
     0 | D:1      | AdnanSaban the Gargoyle Fighter began the quest for the
                  | Orb.
     0 | D:1      | Reached XP level 1. HP: 14/14 MP: 1/1
   114 | D:1      | Reached XP level 2. HP: 19/19 MP: 2/2
   460 | D:1      | Reached XP level 3. HP: 19/23 MP: 3/3
  1674 | D:3      | Reached XP level 4. HP: 26/29 MP: 4/4
  1861 | D:3      | Frozen to death by an endoplasm

Illustrated notes

Levels and vault maps discovered:
D:1:      lightli_arrival_windingriver, layout_basic, serial_aquarium,
          aquarium_bridge_square [aquarium_subvault_wall,
          aquarium_subvault_balcony, aquarium_subvault_bridge,
          aquarium_subvault_wall], aquarium_window_fake, aquarium_window_1,
          aquarium_window_fake, aquarium_window_fake, aquarium_view_2c,
          aquarium_view_2f, aquarium_balcony_double_1, aquarium_pool_five
D:2:      layout_loops_ring
D:3:      wad_woods_pond, layout_basic, shapermc_ecumenical_altar_starsandcircs,
          grunt_ministairs_2

Skill      XL: |  1  2  3  4 |
---------------+-------------+-----
Armour         | 4 |  4.1
Shields        | 4 |  4.0
Fighting       | 4 |  4.0
Maces & Flails | |  2.4
Dodging        | |  0.1

Action                     |  1- 3 |  4- 6 || total
---------------------------+-------+-------++-------
  Melee: Flail             |   136 |    38 ||   174
         Whip              |       |     7 ||     7
 Armour: Scale mail        |    77 |       ||    77
         Plate armour      |    28 |    60 ||    88
  Dodge: Dodged            |    69 |    27 ||    96
  Block: Buckler           |    37 |    15 ||    52

Table legend: (Time is in decaauts)
 A = Elapsed time spent in this place.
 B = Non-inter-level travel time spent in this place.
 C = Inter-level travel time spent in this place.
 D = Time resting spent in this place.
 E = Time spent auto-exploring this place.
 F = Levels seen in this place.
 G = Mean time per level.
                   A        B        C        D        E       F      G
               +--------+--------+--------+--------+--------+-----+--------+
         Total |   1917 |   1901 |     16 |      0 |   1484 |   3 |  639.0 |
       Dungeon |   1917 |   1901 |     16 |      0 |   1484 |   3 |  639.0 |
               +--------+--------+--------+--------+--------+-----+--------+

Top non-repeatable levels by time:
     D:1: 892 daAuts
     D:2: 784 daAuts
     D:3: 241 daAuts
